 Dungeon Crawl Stone Soup version 0.20.0-8-g6b59dc7 (webtiles) character file.

113810 Monsterracer the Severer (level 16, -9/146 HPs)
             Began as a Minotaur Fighter on May 30, 2017.
             Was a High Priest of Okawaru.
             Mangled by a sea snake (15 damage)
             ... on level 2 of the Shoals.
             The game lasted 00:37:16 (27955 turns).

Monsterracer the Severer (Minotaur Fighter)        Turns: 27955, Time: 00:37:16

Health: -9/146     AC: 24    Str: 22    XL:     16   Next: 14%
Magic:  24/25      EV: 26    Int:  8    God:    Okawaru [*****.]
Gold:   2392       SH:  0    Dex: 19    Spells: 15/15 levels left

rFire    + . .     SeeInvis .   y - +1 executioner's axe (elec)
rCold    + + +     Gourm    .   (shield currently unavailable)
rNeg     . . .     Faith    .   E - +5 ring mail of Protective Custody {-Cast +Inv rElec rC++}
rPois    .         Spirit   .   F - +2 hat {Int+3}
rElec    +         Reflect  .   G - scarf {rC+ rF+}
rCorr    +         Harm     .   M - +2 pair of gloves {Dex+3}
MR       ++...     Clarity  +   b - +2 pair of boots Stlth ++........NoCast +
                                (no amulet)
Regen    0.4/turn               h - ring of resist corrosion
MPRegen  0.2/turn               g - ring of protection from magic

@: heroism, barbed spikes, very slow
A: retaliatory headbutt, horns 2, clarity, high mp 1
a: Heroism, Finesse, Renounce Religion, Evoke Invisibility


You were on level 2 of the Shoals.
You worshipped Okawaru.
Okawaru was extremely pleased with you.
You were not hungry.

You visited 5 branches of the dungeon, and saw 26 of its levels.

You collected 2766 gold pieces.
You spent 374 gold pieces at shops.

Inventory:

Hand Weapons
 i - a +0 morningstar
 y - a +1 executioner's axe of electrocution (weapon)
Armour
 b - a +2 pair of boots (worn)
 C - the +7 plate armour "Jaoprog" {rElec MR- SInv}
   (You found it on level 6 of the Lair of Beasts)

   It insulates you from electricity.
   It affects your resistance to hostile enchantments.
   It lets you see invisible.
 E - the +5 ring mail of Protective Custody (worn) {-Cast +Inv rElec rC++}
   (Okawaru gifted it to you on level 4 of the Lair of Beasts)

   It greatly protects you from cold.
   It insulates you from electricity.
   It lets you turn invisible.
   It prevents spellcasting.
 F - a +2 hat of intelligence (worn)
 G - a scarf of resistance (worn)
 M - a +2 pair of gloves of dexterity (worn)
Jewellery
 d - an uncursed ring of protection from fire
 g - a ring of protection from magic (right hand)
 h - a ring of resist corrosion (left hand)
 k - the ring "Haoreu" {rC++ MR- Int+4 Stlth-}
   (You found it on level 10 of the Dungeon)

   [ring of loudness]

   It affects your intelligence (+4).
   It greatly protects you from cold.
   It affects your resistance to hostile enchantments.
   It makes you less stealthy.
 w - an uncursed ring of protection from cold
 H - an uncursed ring of see invisible
Wands
 c - a wand of digging (13/24)
 l - a wand of clouds (6/9)
 n - a wand of scattershot (5/9)
 v - a wand of digging (14/24)
 z - a wand of scattershot (1/9)
Scrolls
 e - a scroll of fear
 o - 7 scrolls of identify
 q - 10 scrolls of remove curse
 u - 6 scrolls of teleportation
 A - 5 scrolls of magic mapping
 D - a scroll of blinking
 I - a scroll of enchant armour
 J - a scroll of recharging
 L - a scroll of summoning
Potions
 a - 4 potions of magic
 p - 2 potions of mutation
 r - 3 potions of might
 s - 6 potions of curing
 x - 3 potions of haste
 B - a potion of agility
 K - a potion of heal wounds
Comestibles
 f - 12 bread rations
 j - 14 meat rations
 m - 6 royal jellies
 t - 12 fruits


   Skills:
 + Level 14.0(19.0) Fighting
 * Level 20.4(25.4) Axes
 + Level 14.4(19.4) Armour
 + Level 12.9(17.9) Dodging
   Level 3.6(8.6) Shields
 - Level 10.4 Invocations


You had 15 spell levels left.
You didn't know any spells.

Dungeon Overview and Level Annotations

Branches:
Dungeon (15/15)            Temple (1/1) D:7            Lair (6/6) D:8
 Shoals (2/4) Lair:3        Snake (0/4) Lair:3        Slime (0/5) Lair:6
    Orc (2/2) D:12            Elf (0/3) Orc:2        Vaults (0/5) D:13
 Depths: D:15

Altars:
Ashenzari
Cheibriados
Dithmenos
Elyvilon
Fedhas
Gozag
Hepliaklqana
Kikubaaqudgha
Makhleb
Nemelex Xobeh
Okawaru
Qazlal
Ru
Sif Muna
Trog
Uskayaw
Vehumet
Xom
Yredelemnul
Zin
The Shining One
Jiyva

Shops:
D:7 }   D:10 *   D:14 *   D:15 *   Orc:2 (*%}

Portals:
Trove: D:12 (show slimy rune of Zot)


Innate Abilities, Weirdness & Mutations

You reflexively headbutt those who attack you in melee.
You have a pair of horns on your head.
You possess an exceptional clarity of mind.
You have an increased reservoir of magic. (+10% MP)


Message History

Found a silver wand.
You slash the sea snake!
Lightning courses through the sea snake!
You headbutt the sea snake, but do no damage.
The sea snake is heavily wounded.
The sea snake bites you but does no damage.
Your unstable footing causes you to fumble your attack.
The sea snake bites you but does no damage.
Your unstable footing causes you to fumble your attack.
The sea snake misses you.
You barely miss the sea snake.
The sea snake is heavily wounded.
The faun unwields an uncursed spear.
The faun wields a hunting sling.
The faun shoots a sling bullet.
The sling bullet completely misses you.
You hear a splash.
The water nymph gestures at you while chanting.
The water swirls and strikes you!
* * * LOW HITPOINT WARNING * * *
The sea snake bites you!
You die...

.....≈≈≈≈≈....≈≈c.....
..≈≈≈)≈≈≈≈...ccc≈.....
#...≈≈≈≈≈≈....≈≈≈≈.... .
#...≈≈≈≈≈≈..#..Hm..##...
##.≈≈≈≈≈≈(..###≈≈≈.##...
##.≈)≈≈≈≈≈≈.###...≈≈...#
##..≈≈≈≈≈≈≈≈...≈≈..≈≈..#
##..≈≈≈≈≈≈≈≈≈..≈≈≈≈≈≈..#
#...≈≈≈≈≈≈≈≈≈.≈≈@≈≈≈≈≈/#
..≈≈≈≈≈≈≈≈≈≈≈..≈S≈≈≈≈≈..
#.≈≈≈≈≈≈≈≈≈≈≈.≈≈≈≈≈≈≈≈≈.
##.≈≈≈≈≈≈≈≈≈..≈≈≈≈≈≈≈≈≈≈
##≈≈≈≈≈≈≈≈≈...≈≈≈≈≈≈≈≈≈≈
..≈≈≈≈≈≈≈≈.......≈≈≈≈≈≈≈
.≈≈≈≈≈≈≈≈.....#...≈≈≈≈≈≈
≈≈≈≈≈≈≈≈.....###..≈≈≈≈≈≈
.≈≈≈≈≈≈≈.#


You could see a sea snake, 3 fauns, a manticore and a water nymph.

Vanquished Creatures
  Rupert (D:15)
  Roxanne (D:14)
  The ghost of IjonTichy1 the Unseen, an adept KoBe of Trog (Orc:2)
  3 stone giants
  The ghost of Feta the Cleaver, a journeyman FoFi of Okawaru (Lair:5)
  Nessos (Lair:4)
  A dire elephant (Lair:6)
  A merfolk impaler (Shoals:1)
  The ghost of ThereIsNoGod the Thaumaturge, a journeyman SpEE of Sif Muna (Orc:1)
  A yaktaur captain (D:13)
  Josephine (Orc:1)
  3 hydras
  2 catoblepae
  An alligator snapping turtle (Shoals:1)
  2 ogre magi (Orc:2)
  A merfolk avatar (Lair:6)
  A centaur warrior (D:13)
  A satyr (Shoals:1)
  10 two-headed ogres
  2 tengu warriors (D:13)
  2 orc high priests
  Nergalle (D:12)
  Sonja (Lair:4)
  3 unseen horrors
  2 sea snakes (Shoals:1)
  2 deep trolls (Orc:2)
  16 harpies
  A wolf spider zombie (D:14)
  Pikel (D:9)
  2 orc knights
  5 ugly things
  An orc sorcerer (Orc:1)
  4 fauns
  4 elephants (Lair:6)
  2 deep elf magi
  7 centaur zombies
  13 cyclopes
  4 manticores
  A water nymph (Shoals:2)
  4 merfolk sirens (Shoals:1)
  3 black mambas
  13 spiny frogs
  A gargoyle (D:13)
  3 centaur skeletons
  A kobold demonologist (D:15)
  3 rime drakes
  16 komodo dragons
  3 tengu conjurers
  2 yaktaurs (D:13)
  11 trolls
  2 guardian mummies (D:12)
  7 merfolk
  Prince Ribbit (D:5)
  2 hornets
  3 polar bears
  5 wind drakes
  6 dream sheep (Lair:5)
  12 blink frogs
  4 slime creatures (D:13)
  A snapping turtle (Shoals:1)
  9 hippogriffs
  A centaur simulacrum (D:14)
  5 wraiths (Orc:1)
  Sigmund (D:5)
  A shadow (D:14)
  A vampire (D:13)
  41 yaks
  2 water elementals (Shoals:1)
  3 basilisks
  6 wyverns
  2 steam dragons
  5 hungry ghosts
  Menkaure (D:5)
  15 wargs
  3 nagas (Lair:3)
  An acid dragon (D:12)
  14 water moccasins
  Duvessa (D:5)
  2 hell hounds (Lair:3)
  14 porcupines
  3 sky beasts
  19 orc warriors
  4 slaves (D:9)
  10 ice beasts
  3 phantoms
  An eye of draining (D:15)
  2 black bears
  5 necrophages
  25 ogres
  9 centaurs
  18 wolves
  22 crocodiles
  A big kobold (D:11)
  17 bullfrogs
  2 gnoll sergeants (D:12)
  2 wyvern zombies
  Dowan (D:5)
  2 wyvern skeletons
  10 scorpions
  8 killer bees
  12 wights
  5 howler monkeys
  8 crimson imps
  2 bullfrog skeletons
  5 jellies
  2 bullfrog zombies
  22 orc priests
  15 orc wizards
  2 quasits
  Crazy Yiuf (D:2)
  A hound (D:8)
  A gnoll shaman (D:10)
  5 iguanas
  A statue (D:5)
  10 worker ants
  A killer bee zombie (D:7)
  11 gnolls
  A worker ant zombie (D:11)
  7 adders
  6 shadow imps
  3 oozes
  An adder zombie (D:5)
  2 adder skeletons
  3 worms
  4 dart slugs
  4 leopard geckos
  122 orcs
  5 bats
  3 giant cockroaches
  16 goblins
  12 hobgoblins
  2 jackals (D:6)
  3 quokkas
  2 ball pythons
  2 frilled lizards
  13 kobolds
  A leopard gecko skeleton (D:5)
  A quokka skeleton (D:4)
  5 rats
  5 bushes (D:13)
  3 fungi
  9 plants
842 creatures vanquished.

Vanquished Creatures (others)
  An orc wizard (D:13)
  A quokka skeleton (D:5)
  4 fungi
  44 plants
50 creatures vanquished.

Grand Total: 892 creatures vanquished

Notes
Turn   | Place    | Note
-------+----------+-------------------------------------------
     0 | D:1      | Monsterracer the Minotaur Fighter began the quest for the Orb.
     0 | D:1      | Reached XP level 1. HP: 19/19 MP: 0/0
    47 | D:1      | Reached skill level 3 in Axes
    94 | D:1      | Reached XP level 2. HP: 23/26 MP: 1/1
   379 | D:1      | Reached skill level 4 in Axes
   412 | D:1      | Gained mutation: You tend to lose your temper in combat. [potion of mutation]
   412 | D:1      | Gained mutation: Your muscles are strong. (Str +2) [potion of mutation]
   461 | D:1      | Reached XP level 3. HP: 30/31 MP: 2/2
  1127 | D:2      | Found a runed door.
  1312 | D:2      | Noticed Crazy Yiuf
  1315 | D:2      | Killed Crazy Yiuf
  1315 | D:2      | Reached skill level 5 in Axes
  1315 | D:2      | Reached XP level 4. HP: 36/39 MP: 3/3
  1372 | D:3      | Found a shattered altar of Ashenzari.
  2026 | D:4      | Reached skill level 6 in Axes
  2026 | D:4      | Reached XP level 5. HP: 38/45 MP: 4/4
  2038 | D:4      | Noticed an ogre
  2041 | D:4      | Killed an ogre
  2041 | D:4      | Reached skill level 7 in Axes
  2190 | D:4      | Reached XP level 6. HP: 45/51 MP: 5/5
  2249 | D:4      | Found a glowing golden altar of the Shining One.
  2274 | D:4      | Found a sacrificial altar of Ru.
  2302 | D:4      | Reached skill level 8 in Axes
  3152 | D:5      | Entered Level 5 of the Dungeon
  3190 | D:5      | Reached skill level 9 in Axes
  3194 | D:5      | Found a sacrificial altar of Ru.
  3241 | D:5      | Reached XP level 7. HP: 53/57 MP: 6/6
  3328 | D:5      | Noticed Duvessa
  3328 | D:5      | Noticed Dowan
  3459 | D:5      | Noticed Sigmund
  3464 | D:5      | Killed Sigmund
  3464 | D:5      | Reached skill level 1 in Dodging
  3487 | D:5      | Noticed Prince Ribbit
  3502 | D:5      | Killed Prince Ribbit
  3502 | D:5      | Reached skill level 10 in Axes
  3703 | D:5      | Found a radiant altar of Vehumet.
  3887 | D:5      | Killed Duvessa
  3887 | D:5      | Reached skill level 5 in Fighting
  3887 | D:5      | Reached XP level 8. HP: 68/68 MP: 7/7
  3890 | D:5      | Killed Dowan
  4047 | D:5      | Noticed Menkaure
  4061 | D:5      | Killed Menkaure
  4061 | D:5      | Reached skill level 5 in Armour
  4249 | D:5      | Found a stormy altar of Qazlal.
  5260 | D:7      | Reached skill level 11 in Axes
  5292 | D:7      | Found Nixaohy's Gadget Boutique.
  5382 | D:7      | Reached XP level 9. HP: 59/75 MP: 8/8
  5395 | D:7      | Found a staircase to the Ecumenical Temple.
  5404 | Temple   | Entered the Ecumenical Temple
  5711 | D:7      | Found an iron altar of Okawaru.
  5781 | D:7      | Became a worshipper of Warmaster Okawaru
  5950 | D:7      | Reached skill level 1 in Invocations
  6237 | D:8      | Reached skill level 12 in Axes
  6350 | D:8      | Found a staircase to the Lair.
  6398 | D:8      | Reached * piety under Okawaru
  6600 | D:8      | Reached skill level 5 in Dodging
  6763 | D:8      | Found a sparkling altar of Nemelex Xobeh.
  6990 | D:8      | Reached ** piety under Okawaru
  7018 | Lair:1   | Entered Level 1 of the Lair of Beasts
  7030 | Lair:1   | Reached XP level 10. HP: 73/86 MP: 11/11
  7163 | Lair:1   | Identified a scroll of acquirement
  7415 | Lair:1   | Noticed a spiny frog
  7424 | Lair:1   | Killed a spiny frog
  7549 | Lair:1   | Noticed a spiny frog
  7555 | Lair:1   | Killed a spiny frog
  7555 | Lair:1   | Reached *** piety under Okawaru
  7555 | Lair:1   | Reached skill level 13 in Axes
  8320 | Lair:2   | Reached **** piety under Okawaru
  8588 | Lair:2   | Reached skill level 5 in Invocations
  8588 | Lair:2   | Reached XP level 11. HP: 94/95 MP: 13/13
  8638 | Lair:2   | Found a burning altar of Makhleb.
  8801 | Lair:2   | Reached ***** piety under Okawaru
  8925 | Lair:2   | Reached skill level 14 in Axes
  9446 | Lair:2   | Noticed a four-headed hydra
  9453 | Lair:2   | Killed a four-headed hydra
  9750 | Lair:3   | Found a staircase to the Shoals.
  9798 | Lair:3   | Found a staircase to the Snake Pit.
  9954 | Lair:3   | Reached ****** piety under Okawaru
 10532 | Lair:3   | Received a gift from Okawaru
 10846 | Lair:3   | Reached skill level 10 in Armour
 11052 | Lair:3   | Reached XP level 12. HP: 105/105 MP: 15/15
 11075 | Lair:3   | Reached skill level 15 in Axes
 11646 | Lair:4   | Received a gift from Okawaru
 11649 | Lair:4   | Got a dazzling ring mail {god gift}
 11660 | Lair:4   | Identified the +5 ring mail of Protective Custody {-Cast +Inv rElec rC++} (Okawaru gifted it to you on level 4 of the Lair of Beasts)
 11902 | Lair:4   | Noticed a six-headed hydra
 11912 | Lair:4   | Killed a six-headed hydra
 11916 | Lair:4   | Reached skill level 10 in Fighting
 12145 | Lair:4   | Noticed a six-headed hydra
 12152 | Lair:4   | Killed a six-headed hydra
 12342 | Lair:4   | Noticed Sonja
 12360 | Lair:4   | Killed Sonja
 12562 | Lair:4   | Noticed Nessos
 12587 | Lair:4   | Killed Nessos
 13182 | Lair:5   | Reached skill level 16 in Axes
 13544 | Lair:5   | Reached XP level 13. HP: 104/114 MP: 18/18
 13668 | Lair:5   | Received a gift from Okawaru
 13683 | Lair:5   | Noticed Feta's ghost (journeyman FoFi)
 13695 | Lair:5   | Killed Feta's ghost
 14408 | Lair:6   | Entered Level 6 of the Lair of Beasts
 14817 | Lair:6   | Found a viscous altar of Jiyva.
 14818 | Lair:6   | Found a staircase to the Slime Pits.
 14835 | Lair:6   | Noticed a dire elephant
 14852 | Lair:6   | Killed a dire elephant
 14854 | Lair:6   | Reached skill level 10 in Dodging
 15220 | Lair:6   | HP: 5/116 [komodo dragon (24)]
 15243 | Lair:6   | Reached skill level 17 in Axes
 15269 | Lair:6   | Got a polished plate armour
 15297 | Lair:6   | Identified the +7 plate armour "Jaoprog" {rElec MR- SInv} (You found it on level 6 of the Lair of Beasts)
 15300 | Lair:6   | HP: 1/116 [rime drake/flash freeze (17)]
 16297 | Lair:6   | Lost mutation: You tend to lose your temper in combat. [potion of mutation]
 16297 | Lair:6   | Lost mutation: Your muscles are strong. (Str +2) [potion of mutation]
 16297 | Lair:6   | Gained mutation: Your mind is acute. (Int +2) [potion of mutation]
 16297 | Lair:6   | Gained mutation: Scrolls take you a little longer to read. [potion of mutation]
 16297 | Lair:6   | Gained mutation: You have an increased reservoir of magic. (+10% MP) [potion of mutation]
 16298 | Lair:6   | Lost mutation: Your mind is acute. (Int +2) [potion of mutation]
 16298 | Lair:6   | Lost mutation: Scrolls take you a little longer to read. [potion of mutation]
 16298 | Lair:6   | Gained mutation: You possess an exceptional clarity of mind. [potion of mutation]
 16365 | Lair:3   | Received a gift from Okawaru
 16368 | Lair:3   | Got a pitted plate armour {god gift}
 16379 | Lair:3   | Identified the +2 plate armour "Ziudgh" {Int+2 Dex+6} (Okawaru gifted it to you on level 3 of the Lair of Beasts)
 16772 | D:9      | Noticed Pikel
 16785 | D:9      | Killed Pikel
 16986 | D:10     | Entered Level 10 of the Dungeon
 17107 | D:10     | Found Vaad's Assorted Antiques.
 17111 | D:10     | Bought a pair of glowing gloves for 187 gold pieces
 17111 | D:10     | Bought a scroll of enchant weapon for 187 gold pieces
 17273 | D:10     | Got a vibrating marble ring
 17285 | D:10     | Identified the ring "Haoreu" {rC++ MR- Int+4 Stlth-} (You found it on level 10 of the Dungeon)
 17638 | D:11     | Reached XP level 14. HP: 63/125 MP: 19/22
 19073 | D:12     | Found a labyrinth entrance.
 19141 | D:12     | Found a staircase to the Orcish Mines.
 19250 | D:12     | Noticed Nergalle
 19259 | D:12     | Killed Nergalle
 19465 | D:12     | Found a portal to a secret trove of treasure.
 20105 | Orc:1    | Entered Level 1 of the Orcish Mines
 20508 | Orc:1    | Reached skill level 18 in Axes
 20544 | Orc:1    | Noticed ThereIsNoGod's ghost (journeyman SpEE)
 20551 | Orc:1    | Killed ThereIsNoGod's ghost
 20799 | Orc:1    | Noticed Josephine
 20809 | Orc:1    | Killed Josephine
 21416 | Orc:1    | Received a gift from Okawaru
 21672 | Orc:2    | Entered Level 2 of the Orcish Mines
 21797 | Orc:2    | Noticed IjonTichy1's ghost (adept KoBe)
 21831 | Orc:2    | Killed IjonTichy1's ghost
 21905 | Orc:2    | Reached skill level 10 in Invocations
 21936 | Orc:2    | Found Humaf's Gadget Shoppe.
 22243 | Orc:2    | Noticed a stone giant
 22258 | Orc:2    | Killed a stone giant
 22377 | Orc:2    | Noticed a stone giant
 22394 | Orc:2    | Killed a stone giant
 22395 | Orc:2    | Reached XP level 15. HP: 70/134 MP: 24/24
 22856 | Orc:2    | Reached skill level 19 in Axes
 22910 | Orc:2    | Found Ecleh's Food Emporium.
 22911 | Orc:2    | Found Vusiuhut's Assorted Antiques.
 22912 | Orc:2    | Found Virobbe's Antique Weapon Boutique.
 22998 | Orc:2    | Found a staircase to the Elven Halls.
 23507 | D:13     | Found a gate to the Vaults.
 23718 | D:13     | Received a gift from Okawaru
 23882 | D:13     | Found a blossoming altar of Fedhas.
 24407 | D:14     | Found Turiely's General Store.
 24826 | D:14     | Noticed Roxanne
 24845 | D:14     | Killed Roxanne
 25012 | D:15     | Entered Level 15 of the Dungeon
 25049 | D:15     | Found a hazy altar of Hepliaklqana.
 25050 | D:15     | Noticed Rupert
 25068 | D:15     | Killed Rupert
 25195 | D:15     | Found Wuokk's Wicked Wares.
 25197 | D:15     | Found a burning altar of Makhleb.
 25660 | Shoals:1 | Entered Level 1 of the Shoals
 26126 | Shoals:1 | Received a gift from Okawaru
 26341 | Shoals:1 | Reached skill level 20 in Axes
 26371 | Shoals:1 | HP: 4/137 [faun/uncursed spear (15)]
 27288 | Shoals:1 | Reached XP level 16. HP: 145/145 MP: 25/25
 27955 | Shoals:2 | HP: 6/146 [water nymph/the raging water (38)]
 27955 | Shoals:2 | Mangled by a sea snake

Skill      XL: |  1  2  3  4  5  6  7  8  9 10 11 12 13 14 15 16 |
---------------+-------------------------------------------------+-----
Axes           | 3 4 5 6 7 9 10 11 12 13 14 16 17 18 20 | 20.4
Fighting       | 5 6 7 8 9 10 11 12 13 14 | 14.0
Armour         | 4 6 7 8 10 11 12 13 14 | 14.4
Dodging        | 2 3 5 6 8 9 10 11 12 | 12.9
Invocations    | 3 5 6 8 9 10 | 10.4
Shields        | |  3.6

Action                   |  1- 3 |  4- 6 |  7- 9 | 10-12 | 13-15 | 16-18 || total
-------------------------+-------+-------+-------+-------+-------+-------++-------
Melee: War axe           |    86 |    96 |   273 |       |       |       ||   455
       Headbutt          |    14 |    20 |    55 |    79 |   287 |    14 ||   469
       Battleaxe         |       |       |     3 |   223 |       |       ||   226
       Broad axe         |       |       |       |   173 |   961 |       ||  1134
       Morningstar       |       |       |       |    13 |       |       ||    13
       Punch             |       |       |       |       |     8 |       ||     8
       Executioner's axe |       |       |       |       |   309 |    70 ||   379
Invok: Heroism           |       |       |       |     5 |    21 |     1 ||    27
       Finesse           |       |       |       |     3 |    10 |       ||    13
  Use: Potion            |     4 |     5 |     4 |     1 |     9 |       ||    23
       Scroll            |       |     6 |     7 |     6 |    15 |     2 ||    36
  Eat: Chunk             |     1 |     6 |    13 |    20 |    48 |     2 ||    90
       Fruit             |       |       |       |     1 |     1 |       ||     2
       Royal jelly       |       |       |       |       |     1 |       ||     1
Armor: Scale mail        |    38 |    27 |    56 |       |       |       ||   121
       Skin              |       |     9 |     5 |       |       |       ||    14
       Chain mail        |       |       |    49 |       |       |       ||    49
       Plate armour      |       |       |     3 |   206 |   536 |       ||   745
       Ring mail         |       |       |       |    43 |   136 |    33 ||   212
Dodge: Dodged            |    38 |    32 |   103 |   258 |   872 |    81 ||  1384
Block: Shield            |    30 |       |       |       |       |       ||    30
       Buckler           |       |       |    46 |       |       |       ||    46
